Map: Orbital Shipyard

Players

YIIQ - Winner!

  • Race: Terran Terran
  • League: Grandmaster

SticklerMac

  • Race: Zerg Zerg
  • League: Grandmaster

VOD

Have the link to the VOD?

Description

Time

  • Played on: July 18, 2015, 2:11 p.m.
  • Length: 12:00
Show
View Real Time Build Order
Export as new Build Order

YIIQ Terran - Winner!

Build Orders: MMM Bio 

Get SALT Encoding   

  12  0:01  SCV  
  13  0:13  SCV  
  14  0:25  SCV  
  14  0:27  Supply Depot  
  15  0:41  Refinery  
  15  0:49  SCV  
  16  0:54  Barracks  
  16  1:01  SCV  
  17  1:13  SCV  
  18  1:30  Command Center, SCV  
  19  1:36  Refinery  
  19  1:45  Marine  
  20  1:55  Barracks  
  20  2:03  Orbital Command  
  20  2:19  Barracks Tech Lab  
  20  2:30  SCV  
  21  2:44  Orbital Command  
  21  2:45  Marine x2  
  21  2:47  SCV  
  24  2:59  SCV  
  24  3:03  Marine  
  26  3:07  Supply Depot  
  26  3:09  Marine  
  26  3:12  SCV  
  28  3:21  Marine  
  28  3:24  SCV, Combat Shields  
  28  3:27  Marine  
  30  3:33  Factory  
  31  3:34  SCV  
  31  3:36  SCV  
  31  3:38  Marine  
  31  3:40  Supply Depot  
  34  3:44  Marine  
  35  3:49  Barracks  
  35  3:50  SCV  
  35  3:53  Engineering Bay  
  36  3:56  Marine  
  36  4:00  SCV  
  36  4:02  SCV, Marine  
  40  4:10  Barracks  
  40  4:14  SCV  
  40  4:15  SCV  
  42  4:18  Factory Reactor  
  42  4:21  Starport  
  42  4:24  Barracks Tech Lab  
  42  4:27  Marine  
  43  4:35  SCV x2  
  45  4:40  Terran Infantry Armor Level 1  
  45  4:44  Marine  
  45  4:45  Supply Depot  
  46  4:47  SCV x2  
  46  4:48  Stimpack  
  46  4:49  Concussive Shells  
  48  5:00  Marine x2  
  48  5:02  Marine  
  48  5:04  Factory Tech Lab  
  51  5:08  Supply Depot  
  51  5:10  SCV x2  
  53  5:14  Barracks Tech Lab  
  53  5:18  Marauder, Marine  
  53  5:19  Medivac x2  
  53  5:20  Marine  
  61  5:24  SCV  
  62  5:29  SCV  
  62  5:31  Armory  
  63  5:35  Marine  
  63  5:36  SCV, Refinery  
  63  5:39  Refinery  
  63  5:41  SCV  
  66  5:43  Supply Depot x2  
  66  5:45  Marauder  
  66  5:46  Marine, Marauder  
  66  5:49  Medivac x2  
  75  6:04  Marine  
  75  6:05  Marine  
  75  6:06  Marine x2  
  79  6:22  Siege Tank, Marine  
  79  6:24  Marine x2  
  86  6:28  Barracks Reactor  
  86  6:32  Medivac x2  
  89  6:33  SCV  
  89  6:34  SCV  
  91  6:40  Marine  
  91  6:42  Terran Infantry Weapons Level 1, Marauder  
  91  6:43  Marauder  
  91  6:45  SCV  
  91  6:46  SCV  
  98  6:58  SCV, Marine  
  100  7:03  Marine x2  
  100  7:04  Command Center  
  102  7:13  Marine x2  
  104  7:16  Marine  
  104  7:21  Marine x2  
  107  7:31  Marine x2  
  107  7:34  Marine  
  110  7:39  Marine x2  
  98  7:48  Marine  
  98  7:49  Marine  
  98  7:51  Marine  
  98  7:56  Marine  
  98  7:57  Marine  
  101  8:01  Terran Vehicle And Ship Armor Level 1  
  101  8:06  Marine  
  101  8:07  Marine  
  101  8:10  Marauder  
  105  8:14  Marine  
  105  8:15  Marauder  
  108  8:24  Marine  
  108  8:25  Marine  
  110  8:31  Marauder  
  110  8:33  Marauder  
  112  8:35  Terran Infantry Armor Level 2  
  112  8:36  Marine  
  113  8:42  Medivac x2, Marine x2  
  119  8:52  Marine  
  119  8:53  Marine  
  119  8:54  Marine  
  115  9:00  Marine x2  
  102  9:10  Marine  
  102  9:11  Marine  
  102  9:12  Medivac x2, Marine  
  109  9:18  Marine x2  
  109  9:23  Siege Tank  
  114  9:28  Marine  
  114  9:29  Marine x2  
  117  9:35  Marine  
  117  9:36  Marine  
  119  9:42  Medivac  
  121  9:46  Marine  
  121  9:47  Marine x2  
  124  9:53  Marine, Medivac  
  124  9:54  Marine  
  124  9:55  Siege Tank  
  131  10:03  Marine  
  131  10:05  Marine x2  
  134  10:11  Marine x2  
  134  10:12  Medivac  
  138  10:21  Marine  
  138  10:23  Medivac  
  138  10:27  Marine x2  
  140  10:29  Marine x2  
  140  10:30  Siege Tank  
  128  10:39  Marine  
  128  10:42  Medivac  
  120  10:45  Marine x2  
  120  10:47  Marine x2  
  124  10:57  Marine  
  124  11:02  Siege Tank, Marine  
  124  11:03  Marine  
  130  11:04  Marine  
  130  11:05  Marine  
  132  11:15  Marine  
  133  11:20  Marine x2  
  133  11:22  Marine  
  133  11:23  Marine  
  137  11:32  Marine  
Show
View Real Time Build Order
Export as new Build Order

SticklerMac Zerg 

Build Orders: Hatch First 

Get SALT Encoding   

  12  0:00  Drone  
  13  0:09  Drone  
  14  0:17  Extractor  
  14  0:18  Drone  
  14  0:24  Overlord  
  14  0:32  Overlord  
  14  0:42  Drone  
  15  0:46  Drone  
  16  1:11  Hatchery  
  16  1:12  Drone  
  16  1:16  Drone  
  17  1:22  Drone  
  18  1:27  Drone  
  19  1:43  Spawning Pool  
  19  1:45  Drone  
  19  1:52  Drone  
  20  1:59  Drone  
  21  2:15  Drone  
  22  2:16  Hatchery  
  21  2:30  Queen  
  21  2:32  Metabolic Boost  
  23  2:40  Queen  
  23  2:43  Drone  
  26  2:45  Drone  
  26  2:47  Drone  
  26  2:50  Drone  
  29  2:52  Drone  
  29  2:55  Drone  
  29  2:57  Drone  
  32  2:59  Drone  
  32  3:04  Drone  
  34  3:10  Lair  
  34  3:11  Drone  
  35  3:15  Overlord  
  35  3:19  Overlord  
  35  3:33  Queen  
  37  3:37  Queen  
  37  3:39  Overlord  
  37  3:40  Overlord  
  39  3:43  Drone x3  
  39  3:44  Drone x2  
  39  3:46  Drone  
  39  3:47  Drone  
  46  3:59  Extractor  
  45  4:07  Drone x5  
  45  4:08  Drone x6  
  56  4:19  Baneling Nest  
  56  4:20  Drone x3  
  59  4:24  Drone  
  59  4:33  Zergling x6  
  62  4:40  Queen  
  62  4:41  Drone  
  62  4:42  Drone  
  66  4:50  Overlord x5  
  66  4:51  Overlord  
  66  4:58  Overlord  
  66  5:19  Hatchery  
  65  5:22  Spire  
  65  5:23  Hatchery, Extractor  
  65  5:24  Drone x4  
  65  5:25  Drone x2  
  65  5:26  Drone x3  
  65  5:27  Drone x2  
  73  5:29  Extractor  
  73  5:34  Drone x3  
  73  5:35  Drone x4  
  79  5:40  Extractor  
  79  5:41  Extractor  
  77  5:46  Hydralisk Den  
  77  5:49  Infestation Pit  
  75  5:54  Drone  
  76  5:58  Drone  
  77  6:07  Queen  
  79  6:16  Muscular Augments  
  79  6:18  Centrifical Hooks  
  79  6:21  Drone x2  
  79  6:22  Drone  
  82  6:28  Zergling x6  
  82  6:29  Zergling x8  
  82  6:31  Zergling x8  
  82  6:32  Zergling x6  
  96  6:35  Zergling x4  
  96  6:36  Zergling x6  
  96  6:37  Zergling x6  
  104  6:43  Queen  
  104  6:44  Queen  
  108  6:58  Zergling x2  
  108  7:00  Hydralisk x9  
  127  7:05  Drone x2, Roach Warren  
  101  7:32  Zergling x8  
  101  7:33  Zergling x14  
  101  7:34  Zergling x8  
  101  7:35  Zergling x8  
  110  7:41  Zergling x2  
  110  7:42  Zergling x18  
  112  7:44  Queen  
  112  7:45  Queen  
  116  7:51  Zergling x2  
  116  7:57  Zergling x2  
  118  7:58  Zergling x2  
  118  7:59  Zergling x14  
  118  8:00  Zergling x2  
  127  8:22  Baneling  
  127  8:30  Zergling x2  
  127  8:31  Zergling x12  
  134  8:35  Overlord x11  
  132  8:52  Zergling x14  
  132  8:53  Zergling x6  
  117  8:57  Drone x3  
  117  8:58  Drone  
  88  9:13  Zergling x2  
  88  9:14  Zergling x16  
  88  9:15  Zergling x2  
  96  9:25  Drone x4  
  96  9:30  Zergling x2  
  96  9:31  Zergling x2  
  102  9:36  Zergling x2  
  102  9:37  Zergling x4  
  102  9:45  Hydralisk  
  99  9:51  Spawning Pool  
  100  9:57  Zergling x2  
  100  9:58  Zergling x18  
  108  10:06  Hydralisk x2  
  108  10:07  Hydralisk x3  
  108  10:09  Hydralisk  
  108  10:12  Hydralisk  
  105  10:29  Zergling x2  
  105  10:30  Zergling x8  
  84  10:36  Zergling x8  
  84  10:37  Zergling x6  
  79  10:43  Zergling x2  
  79  10:44  Zergling x2  
  81  10:58  Zergling x6  
  84  11:15  Zergling x6  
  78  11:22  Zergling x4  
  78  11:31  Zergling x6  
  78  11:32  Zergling x6  
Tags
 
Add a new tag
Caveats
  • Supply blocks, unpowered buildings, or Contaminate may cause inaccurate times.
  • Supply counts are checked every 10 seconds.